 Dungeon Crawl Stone Soup version 0.25.1-2-g60ff931df9 (webtiles) character file.

Game seed: 11235878333902258428

206 Curus the Poker (level 5, -4/38 HPs)
             Began as a Demonspawn Gladiator on Oct 29, 2020.
             Killed from afar by a white imp (8 damage)
             ... with a puff of frost
             ... summoned by Natasha
             ... on level 3 of the Dungeon.
             The game lasted 00:09:24 (2634 turns).

Curus the Poker (Demonspawn Gladiator)              Turns: 2634, Time: 00:09:26

Health: -4/38      AC:  7    Str: 15      XL:     5   Next: 53%
Magic:  0/5        EV: 12    Int:  9      God:
Gold:   93         SH:  0    Dex: 14 (15) Spells: 4/4 levels left

rFire    . . .     SeeInvis .   a - +1 trident
rCold    . . .     Gourm    .   (no shield)
rNeg     . . .     Faith    .   b - +1 leather armour
rPois    .         Spirit   +   c - +1 helmet
rElec    .         Reflect  .   l - +0 cloak
rCorr    .         Harm     .   (no gloves)
MR       .....                  (no boots)
Stlth    +.........             e - amulet of the acrobat
HPRegen  0.12/turn              i - ring of wizardry
MPRegen  0.18/turn              (no ring)

@: no status effects
A: hooves 1, magic shield, magic regeneration
a: no special abilities


You were on level 3 of the Dungeon.
You were not hungry.

You visited 1 branch of the dungeon, and saw 3 of its levels.

You collected 93 gold pieces.

Inventory:

Hand Weapons
 a - a +1 trident (weapon)
Missiles
 d - 3 throwing nets (quivered)
Armour
 b - a +1 leather armour (worn)
 c - a +1 helmet (worn)
 l - a +0 cloak (worn)
Jewellery
 e - an amulet of the acrobat (around neck)
 i - a ring of wizardry (left hand)
 m - an uncursed amulet of regeneration {unknown}
Scrolls
 g - 3 scrolls of identify
 j - 2 scrolls of remove curse
 k - 2 scrolls of immolation
 n - 3 scrolls of teleportation
Potions
 o - 2 potions of curing
Comestibles
 f - 3 rations
 h - 11 chunks of flesh


   Skills:
 - Level 2.0 Fighting
 + Level 5.8 Polearms
 - Level 1.7 Throwing
 - Level 2.6 Dodging


You had 4 spell levels left.
You didn't know any spells.
Your spell library was empty.

Dungeon Overview and Level Annotations

Branches:
Dungeon (3/15)

Altars:

Annotations:
D:3 2 transporters, Natasha; lllmatko's ghost, amateur MiBe


Innate Abilities, Weirdness & Mutations

You have large cloven feet.
When hurt, damage is shared between your health and your magic reserves.
You regenerate magic rapidly.


Message History

Natasha is severely wounded.
The white imp hits you. The white imp freezes you. Natasha barely misses you.
The white imp hits you but does no damage.
You closely miss Natasha.
Natasha is severely wounded.
Natasha casts a spell at you. The magic dart hits you.
The white imp gestures at you. The puff of frost hits you.
You hit Natasha. Your kick misses Natasha.
Natasha is severely wounded.
Natasha claws you. The white imp barely misses you.
You hit Natasha but do no damage. Your kick misses Natasha.
Natasha is severely wounded.
Natasha casts a spell at you. The magic dart hits you!
* * * LOW HITPOINT WARNING * * *
The white imp gestures at you. The puff of frost hits you!
You die...

#.. #. >. . #). #.
.. . #.. #.###?#.#
#.# ....(#. #.#
..... #.# #$.. #.#
#5h# #.# #)@# #.#
######..# #
#.......# #
#.####.## # #.# #.#
#.# #.# #.# #.#
#.####.####.#######.
#...................
#


You could see Natasha and a white imp (summoned).

Vanquished Creatures
  Natasha (D:3)
  8 gnolls
  An adder (D:3)
  An ooze (D:2)
  2 worms (D:2)
  A dart slug (D:1)
  5 leopard geckos
  7 orcs (D:3)
  3 giant cockroaches
  8 goblins
  5 hobgoblins
  6 jackals
  7 kobolds
  A quokka (D:2)
  5 bats
  5 frilled lizards
  7 rats
73 creatures vanquished.

Notes
Turn   | Place    | Note
-------+----------+-------------------------------------------
     0 | D:1      | Curus the Demonspawn Gladiator began the quest for the Orb.
     0 | D:1      | Reached XP level 1. HP: 16/16 MP: 1/1
    17 | D:1      | Reached skill level 3 in Polearms
   106 | D:1      | Gained mutation: When hurt, damage is shared between your
                  | health and your magic reserves. [demonic ancestry]
   106 | D:1      | Reached XP level 2. HP: 22/22 MP: 2/2
  1054 | D:2      | Gained mutation: You regenerate magic rapidly. [demonic
                  | ancestry]
  1054 | D:2      | Reached XP level 3. HP: 24/27 MP: 3/3
  1073 | D:2      | Reached skill level 4 in Polearms
  1425 | D:1      | Gained mutation: You have large cloven feet. [demonic
                  | ancestry]
  1425 | D:1      | Reached XP level 4. HP: 4/33 MP: 1/4
  2176 | D:3      | Reached skill level 5 in Polearms
  2273 | D:3      | Found a transporter.
  2279 | D:3      | Noticed lllmatko's ghost (amateur MiBe)
  2400 | D:3      | Found a transporter.
  2435 | D:3      | Reached XP level 5. HP: 38/38 MP: 5/5
  2496 | D:3      | Noticed Natasha
  2503 | D:3      | Killed Natasha
  2617 | D:3      | Noticed Natasha
  2634 | D:3      | Killed from afar by a white imp

Illustrated notes

Levels and vault maps discovered:
D:1:      scummos_arrival_checkerplants, layout_basic,
          hangedman_decor_clover_reticule
D:2:      layout_rooms, minmay_misc_feat_pillars
D:3:      layout_loops_ring, gammafunk_ghost_stat_death, minmay_misc_feat_tower,
          uniq_natasha

Skill      XL: |  1  2  3  4 |
---------------+-------------+-----
Polearms       | 3 4 5 |  5.8
Fighting       | |  2.0
Throwing       | |  1.7
Dodging        | |  2.6

Action                   |  1- 3 |  4- 6 || total
-------------------------+-------+-------++-------
Melee: Trident           |   140 |   117 ||   257
       Kick              |       |    18 ||    18
Throw: Throwing net      |     1 |       ||     1
  Use: Scroll            |     7 |     3 ||    10
       Potion            |     2 |     3 ||     5
 Stab: Sleeping          |     2 |       ||     2
  Eat: Chunk             |     2 |     4 ||     6
Armor: Leather armour    |    40 |    25 ||    65
Dodge: Dodged            |    82 |    60 ||   142
